 Dungeon Crawl Stone Soup version 0.31-a0-819-gf6de2f5ab6 (webtiles) character file.

Game seed: 15347970364996491510

156 qw the Shooter (level 5, -5/32 HPs)
             Began as a Gargoyle Hunter on Sept 23, 2023.
             Slain by an ice beast (6 damage)
             ... on level 6 of the Dungeon.
             The game lasted 00:00:49 (1783 turns).

qw the Shooter (Gargoyle Hunter)                    Turns: 1783, Time: 00:00:50

Health: -5/32      AC:  8    Str: 14    XL:     5   Next: 38%
Magic:  5/5        EV: 11    Int: 10    God:
Gold:   52         SH:  0    Dex: 15    Spells: 4/4 levels left

rFire   . . .        Y - +0 shortbow
rCold   . . .        (shield currently unavailable)
rNeg    + . .        c - +0 leather armour
rPois   inf          (no helmet)
rElec   +            (no cloak)
rCorr   .            h - +0 pair of gloves
SInv    .            (no boots)
Will    .....        (no amulet)
Stlth   ++           (no ring)
HPRegen 0.25/turn    (no ring)
MPRegen 0.09/turn

%: no passive effects
@: no status effects
A: sickness immunity, AC +4, negative energy resistance 1, electricity
resistance, torment resistance 1, petrification resistance
a: no special abilities


You were on level 6 of the Dungeon.
You visited 1 branch of the dungeon, and saw 4 of its levels.

You collected 118 gold pieces.
You spent 66 gold pieces at shops.


Innate Abilities, Weirdness & Mutations

You are immune to sickness and miasma.
Your stone body is resilient. (AC +4)
You are immune to poison.
You resist negative energy. (rN+)
You are resistant to electric shocks. (rElec)
You are resistant to unholy torment.
You are immune to petrification.


   Skills:
 + Level 3.0 Fighting
 - Level 6.0 Ranged Weapons
 - Level 1.2 Armour
 - Level 1.5 Dodging
 - Level 1.1 Stealth


You had 4 spell levels left.
You didn't know any spells.
Your spell library was empty.

Inventory:

Hand Weapons
 Y - a +0 shortbow (weapon)
Armour
 c - a +0 leather armour (worn)
 h - a +0 pair of gloves (worn)
Jewellery
 i - a ring of ice
Potions
 a - a potion of degeneration {unknown}
 b - a potion of ambrosia {unknown}
 d - a potion of brilliance {unknown}
 e - a potion of magic {unknown}
 g - a potion of attraction {unknown}
 j - 3 potions of curing
 k - a potion of haste

Dungeon Overview and Level Annotations

Branches:
Dungeon (3/15)

Altars:

Shops:
D:2 !


Message History

The arrow completely misses the black bear.
The black bear bites you but does no damage.
The black bear misses you.
The black bear claws you but does no damage.
The ice beast closely misses you.
You shoot an arrow.
The arrow hits the black bear but does no damage.
The black bear is lightly wounded.
The black bear barely misses you.
The black bear claws you but does no damage. x2
The ice beast barely misses you.
You shoot an arrow. The arrow hits the black bear.
The black bear is heavily wounded.
The black bear closely misses you. The black bear claws you. x2
The ice beast hits you but does no damage.
The black bear misses you.
The black bear claws you but does no damage.
The black bear barely misses you.
You shoot an arrow.
The arrow hits the black bear but does no damage.
The black bear is moderately wounded.
The ice beast hits you but does no damage.
The black bear barely misses you.
The black bear claws you but does no damage. x2
You shoot an arrow. The arrow barely misses the black bear.
The ice beast hits you but does no damage.
The black bear bites you. The black bear claws you.
The black bear claws you but does no damage.
The ice beast hits you but does no damage.
You shoot an arrow. The arrow barely misses the black bear.
The black bear bites you but does no damage.
The black bear closely misses you. The black bear misses you.
The ice beast hits you but does no damage.
You shoot an arrow.
The arrow hits the black bear but does no damage.
The black bear is moderately wounded.
The black bear bites you but does no damage.
The black bear claws you but does no damage. x2
The ice beast hits you. The ice beast freezes you.
You die...

#####
#.@h#
#.8Ys#
#...#...
#...#..##
+.8.+ ##
#...#
#...#
#.8.+


You could see a black bear, an ice beast and a scorpion.

Vanquished Creatures
  An orc wizard (D:3)
  7 adders
  3 worms (D:2)
  3 dart slugs
  5 orcs
  2 bats
  2 endoplasms (D:2)
  2 giant cockroaches
  5 goblins
  4 hobgoblins
  3 kobolds (D:1)
  2 quokkas
  3 ball pythons
  6 rats
48 creatures vanquished.

Notes
Turn   | Place    | Note
-------+----------+-------------------------------------------
     0 | D:1      | qw the Gargoyle Hunter began the quest for the Orb.
     0 | D:1      | Reached XP level 1. HP: 12/12 MP: 1/1
     0 | D:1      | 0 ||| qw: Version: 0.3-a-83-gcd0e7d8
     0 | D:1      | 0 ||| qw: Game counter: 1493
     0 | D:1      | 0 ||| qw: Melee chars always use a shield: true
     0 | D:1      | 0 ||| qw: God list: Okawaru
     0 | D:1      | 0 ||| qw: Allow faded altars: false
     0 | D:1      | 0 ||| qw: Do Orc after clearing Dungeon:15 true
     0 | D:1      | 0 ||| qw: Do second Lair branch before Depths: true
     0 | D:1      | 0 ||| qw: Lair rune preference: random
     0 | D:1      | 0 ||| qw: Goals: Normal
     0 | D:1      | 0 ||| PLANNING D:1-11
   121 | D:1      | Reached XP level 2. HP: 17/17 MP: 2/2
   617 | D:1      | 617 ||| READING scroll labelled LUH XIUROXEY.
   624 | D:1      | 624 ||| READING scroll labelled JONWUXTIHAOKH.
   634 | D:1      | 634 ||| READING scroll labelled GICHABL CECUYBB.
   635 | D:1      | 635 ||| READING scroll labelled VOOGUO FUYMUOM.
   637 | D:1      | 637 ||| READING scroll labelled OMOTSI QAWN.
   648 | D:1      | 648 ||| DROPPING scroll of butterflies.
   715 | D:2      | Reached XP level 3. HP: 8/21 MP: 3/3
   775 | D:2      | Reached skill level 5 in Ranged Weapons
   869 | D:2      | Reached skill level 3 in Fighting
   951 | D:2      | Reached XP level 4. HP: 22/28 MP: 4/4
  1150 | D:2      | Found Fed Guad's Distillery.
  1160 | D:2      | 1160 ||| BUYING potion of curing (33 gold).
  1160 | D:2      | Bought a potion of curing for 33 gold pieces
  1160 | D:2      | 1160 ||| BUYING potion of curing (33 gold).
  1160 | D:2      | Bought a potion of curing for 33 gold pieces
  1160 | D:2      | 1160 ||| SHOPLISTING potion of enlightenment (55 gold, have
                  | 11).
  1160 | D:2      | 1160 ||| SHOPLISTING potion of haste (110 gold, have 11).
  1160 | D:2      | 1160 ||| SHOPLISTING potion of might (44 gold, have 11).
  1160 | D:2      | 1160 ||| SHOPLISTING potion of mutation (88 gold, have 11).
  1160 | D:2      | 1160 ||| SHOPLISTING potion of resistance (110 gold, have
                  | 11).
  1437 | D:2      | 1437 ||| UPGRADING to +0 pair of gloves.
  1442 | D:2      | 1442 ||| READING scroll labelled TUUGAN BIMUI.
  1443 | D:2      | 1443 ||| DRINKING 2 pink potions.
  1473 | D:2      | 1473 ||| DRINKING 2 green potions.
  1474 | D:2      | 1474 ||| DROPPING potion of lignification.
  1554 | D:3      | 1554 ||| Stepping ~*~*~tactically~*~*~ (retreating).
  1562 | D:3      | Reached skill level 6 in Ranged Weapons
  1562 | D:3      | Reached XP level 5. HP: 24/32 MP: 5/5
  1740 | D:3      | Reached skill level 1 in Armour
  1771 | D:3      | You fall into a shaft and drop 3 floors!
  1772 | D:6      | Noticed a black bear
  1772 | D:6      | Noticed an ice beast
  1774 | D:6      | 1774 ||| Stepping ~*~*~tactically~*~*~ (retreating).
  1779 | D:6      | HP: 8/32 [black bear (4)]
  1781 | D:6      | HP: 2/32 [black bear (2)]
  1783 | D:6      | Slain by an ice beast

Levels and vault maps discovered:
D:1:      lightli_molten_gateway, layout_loops_ring
D:2:      layout_basic, serial_shops, nicolae_shop_tiny_glass,
          kennysheep_generic_room_7
D:3:      layout_basic, chequers_ecumenical_altar_simple_redux
D:6:      minmay_chambers_of_threes, layout_rooms,
          mainiacjoe_overflow_six_doors_small, nicolae_overflow_crystal_walls,
          minmay_temple_entry_fiery

Skill      XL: |  1  2  3  4  5 |
---------------+----------------+-----
Ranged Weapons | 5 6 |  6.0
Fighting       | 3 |  3.0
Armour         | 1 |  1.2
Dodging        | |  1.5
Stealth        | |  1.1

Action                     |  1- 3 |  4- 6 || total
---------------------------+-------+-------++-------
   Fire: Shortbow          |   127 |    88 ||   215
    Use: Scroll            |     5 |     1 ||     6
         Potion            |       |     2 ||     2
 Armour: Leather armour    |    41 |    60 ||   101
  Dodge: Dodged            |    45 |    27 ||    72

Table legend:
 A = Non-vault XP
 B = Vault XP
 C = Vault XP percentage of total XP
 D = Non-vault monster count
 E = Vault monster count
 F = Vault count percentage of total count
                 A         B        C        D         E       F
            +---------+---------+-------+---------+---------+-------
      Total |     220 |       4 |   1.8 |      46 |       2 |   4.2
            +---------+---------+-------+---------+---------+-------
        D:1 |      24 |       0 |   0.0 |      13 |       0 |   0.0
        D:2 |      82 |       4 |   4.7 |      19 |       2 |   9.5
        D:3 |     114 |       0 |   0.0 |      14 |       0 |   0.0
            +---------+---------+-------+---------+---------+-------
